 Dungeon Crawl Stone Soup version 0.30-a0-989-g0d87f670db (webtiles) character file.

Game seed: 10179914330865519429

21 2tousent the Chopper (level 2, 0/20 (25) HPs)
             Began as a Draconian Reaver on Apr 3, 2023.
             Slain by a goblin
             ... wielding a +0 dagger
             ... led by Robin
              (5 damage)
             ... on level 2 of the Dungeon.
             The game lasted 00:01:06 (620 turns).

2tousent the Chopper (Draconian Reaver)              Turns: 620, Time: 00:01:06

HP:   0/20 (25)     AC:  4    Str: 14    XL:     2   Next: 65%
MP:   4/5           EV: 12    Int: 13    God:
Gold: 25            SH:  0    Dex:  9    Spells: 2/5 levels left

rFire   . . .      SeeInvis .    a - +0 hand axe
rCold   . . .      Faith    .    (no shield)
rNeg    . . .      Spirit   .    (body armour unavailable)
rPois   .          Reflect  .    (helmet restricted)
rElec   .          Rampage  .    (no cloak)
rCorr   .                        (no gloves)
Will    .....                    (no boots)
Stlth   +                        (no amulet)
HPRegen 0.23/turn                (no ring)
MPRegen 0.09/turn                (no ring)

@: heavily drained
A: AC +4, unfitting armour, cold-blooded
a: no special abilities


You were on level 2 of the Dungeon.
You visited 1 branch of the dungeon, and saw 2 of its levels.

You collected 25 gold pieces.

Inventory:

Hand Weapons
 a - a +0 hand axe (weapon)
Scrolls
 c - a scroll of butterflies {unknown}
 d - a scroll of poison {unknown}
Potions
 b - a potion of brilliance {unknown}
 e - 2 potions of resistance {unknown}
 f - a potion of attraction {unknown}


   Skills:
 + Level 2.5 Fighting
 * Level 3.3 Axes
 + Level 2.0 Dodging
 - Level 2.0 Spellcasting
 + Level 3.2 Conjurations


You had 2 spell levels left.
You knew the following spells:

 Your Spells              Type           Power      Damage    Failure   Level
a - Kiss of Death         Conj/Necr      20%        2d7       13%         1
b - Momentum Strike       Conj/Tloc      10%        3d8       21%         2

Your spell library contained the following spells:

 Spells                   Type           Power      Damage    Failure   Level
 Hailstorm                Conj/Ice       5%         3d4       36%         3


Dungeon Overview and Level Annotations

Branches:
Dungeon (1/15)

Altars:

Annotations:
D:2 Robin


Innate Abilities, Weirdness & Mutations

Your plain brown scales are hard. (AC +4)
You cannot fit into any form of body armour.
You are cold-blooded and may be slowed by cold attacks.


Message History

You hit the hobgoblin.
You kill the hobgoblin!
The goblin no longer looks unusually strong.
You hit the goblin.
You kill the goblin!
The hobgoblin hits you.
You hit the hobgoblin.
You kill the hobgoblin!
The goblin no longer looks unusually strong. x3
You barely miss the goblin. You hit the goblin.
You kill the goblin!
Robin roars a battlecry!
The goblins go into a battle-frenzy!
The goblin barely misses you.
You see here a +0 dagger.
The goblin attacks as you move away! The goblin closely misses you.
You hit the goblin.
You kill the goblin!
You hit the goblin.
The goblin is heavily wounded.
The goblin closely misses you.
You closely miss the goblin.
The goblin is heavily wounded.
Robin hits you from afar with a +3 trident.
The goblin hits you but does no damage.
You hit the goblin.
You kill the goblin!
Robin throws the goblin at you! The goblin hits you with a +0 club.
* * * LOW HITPOINT WARNING * * *
Unknown command.
Casting: Kiss of Death (safe; 13% risk of failure)
Confirm with . or Enter, or press ? or * to list all spells.
Aiming: Kiss of Death (safe; 13% risk of failure)
Press: ? - help, Shift-Dir - straight line, f - goblin
Aim: a goblin, wielding a +0 club (strong, 100% to hit)
The negative energy hits the goblin!
The goblin is drained!
You kill the goblin!
You feel drained. Robin throws the goblin at you!
The goblin hits you with a +0 dagger.
You die...

### #####.#####..
#............ #
#.###.###.##.# #.
#............#
#.##.#####..##.....#..#
#.....g.)g.............
###...g##)#.##.#......
####.##@............
#g##g###.##.###..
#.##.# .# .# . #g##.#
#.# # #g##.. #g##.#
..g... .g....


You could see Robin and a goblin (strong).

Vanquished Creatures
  3 ball pythons (D:1)
  3 endoplasms
  7 goblins (D:2)
  3 hobgoblins
  3 kobolds
19 creatures vanquished.

Notes
Turn   | Place    | Note
-------+----------+-------------------------------------------
     0 | D:1      | 2tousent the Draconian Reaver began the quest for the Orb.
     0 | D:1      | Reached XP level 1. HP: 17/17 MP: 3/3
   363 | D:1      | Reached XP level 2. HP: 16/25 MP: 5/5
   456 | D:1      | Learned a level 2 spell: Momentum Strike
   581 | D:1      | You fall into a shaft and drop 1 floor!
   592 | D:2      | Noticed Robin
   620 | D:2      | Slain by a goblin

Illustrated notes

Levels and vault maps discovered:
D:1:      amcnicky_arrival_wind_blow, layout_loops_ring, hex_medium
D:2:      layout_basic, basic_altar, shapermc_ecumenical_altar_acropolis,
          uniq_terence, uniq_natasha, uniq_robin, uniq_crazy_yiuf_cottage

Skill      XL: |  1  2 |
---------------+-------+-----
Dodging        | 2 |  2.0
Fighting       | |  2.5
Axes           | |  3.3
Spellcasting   | |  2.0
Conjurations   | |  3.2

Action                     || total
---------------------------++-------
  Melee: Hand axe          ||    48
         Tailslap          ||     3
   Cast: Kiss of Death     ||     2
 Armour: Skin              ||    12
  Dodge: Dodged            ||    24

Table legend: (Time is in decaauts)
 A = Elapsed time spent in this place.
 B = Non-inter-level travel time spent in this place.
 C = Inter-level travel time spent in this place.
 D = Time resting spent in this place.
 E = Time spent auto-exploring this place.
 F = Levels seen in this place.
 G = Mean time per level.
                   A        B        C        D        E       F      G
               +--------+--------+--------+--------+--------+-----+--------+
         Total |    628 |    628 |      0 |      0 |    520 |   2 |  314.0 |
       Dungeon |    628 |    628 |      0 |      0 |    520 |   2 |  314.0 |
               +--------+--------+--------+--------+--------+-----+--------+

Top non-repeatable levels by time:
     D:1: 586 daAuts
     D:2: 41 daAuts
